Map: Kairos Junction LE

Players

gambitmonk

  • Race: Protoss Protoss
  • League: Platinum
  • Spawn Location: 5:00

Smeeeger - Winner!

  • Race: Zerg Zerg
  • League: Platinum
  • Spawn Location: 11:00

VOD

Have the link to the VOD?

Description

Time

  • Played on: July 14, 2019, 10:41 a.m.
  • Length: 7:51
Show
View Real Time Build Order
Export as new Build Order

gambitmonk Protoss 

Build Orders: 1 Gate Expand 

Get SALT Encoding   

  12  0:01  Probe  
  13  0:14  Pylon  
  13  0:15  Probe  
  14  0:23  Probe  
  15  0:33  Probe  
  16  0:41  Gateway  
  16  0:45  Probe  
  17  0:50  Assimilator  
  17  0:57  Probe  
  18  1:09  Probe  
  19  1:21  Probe  
  20  1:32  Nexus  
  20  1:39  Cybernetics Core  
  20  1:56  Probe  
  20  1:59  Zealot  
  21  2:08  Pylon  
  23  2:20  Stalker  
  23  2:23  Pylon  
  23  2:26  Probe  
  26  2:41  Gateway  
  26  2:43  Gateway  
  26  2:44  Probe  
  26  2:46  Probe  
  28  2:54  Assimilator  
  28  2:55  Sentry  
  30  3:00  Probe  
  30  3:02  Probe  
  32  3:17  Probe x2  
  34  3:21  Adept  
  34  3:25  Robotics Facility  
  36  3:32  Probe  
  36  3:33  Probe  
  38  3:39  Pylon  
  38  3:42  Adept  
  38  3:46  Probe x2  
  42  3:52  Adept  
  42  3:55  Zealot  
  46  3:58  Probe  
  46  3:59  Probe  
  48  4:03  Immortal  
  52  4:17  Pylon  
  52  4:19  Warp Gate  
  52  4:23  Sentry  
  54  4:26  Adept  
  54  4:30  Probe  
  57  4:32  Probe  
  57  4:35  Observer  
  58  4:42  Probe  
  58  4:44  Zealot, Probe  
  63  4:59  Pylon  
  63  5:00  Pylon  
  63  5:17  Immortal, Probe x2  
  70  5:35  Zealot  
  70  5:36  Zealot x2  
  71  6:04  Immortal  
  75  6:15  Zealot  
  77  6:22  Pylon  
  77  6:26  Pylon  
  65  6:58  Immortal  
  59  7:05  Zealot x3  
  65  7:10  Twilight Council  
  61  7:26  Zealot x3  
Show
View Real Time Build Order
Export as new Build Order

Smeeeger Zerg - Winner!

Build Orders: Hatch First 

Get SALT Encoding   

  12  0:01  Drone  
  13  0:15  Overlord  
  13  0:22  Drone  
  14  0:34  Drone x2  
  16  0:38  Drone  
  17  0:50  Drone  
  18  1:00  Hatchery  
  18  1:02  Drone  
  18  1:04  Extractor  
  17  1:16  Spawning Pool  
  16  1:19  Drone  
  16  1:22  Drone  
  18  1:33  Drone  
  19  1:51  Overlord  
  19  2:03  Queen  
  19  2:04  Zergling x2  
  22  2:09  Zergling x2  
  22  2:12  Queen  
  22  2:13  Zergling x2  
  26  2:20  Metabolic Boost  
  26  2:27  Drone x2  
  28  2:47  Queen  
  28  2:49  Overlord  
  28  2:50  Drone x2  
  32  2:52  Drone  
  32  2:53  Drone  
  32  2:55  Drone  
  35  3:01  Overlord  
  34  3:20  Overlord x2  
  34  3:26  Hatchery  
  33  3:30  Drone, Roach Warren  
  32  3:50  Drone x4  
  36  3:59  Drone x2  
  36  4:00  Overlord  
  36  4:01  Drone x3  
  49  4:10  Roach x4  
  49  4:11  Extractor  
  49  4:13  Drone, Extractor  
  48  4:18  Drone  
  49  4:27  Drone x2, Evolution Chamber  
  49  4:28  Drone  
  51  4:38  Drone x2  
  53  4:39  Drone x3  
  53  4:40  Overlord  
  56  4:46  Roach  
  57  5:00  Zerg Missile Weapons Level 1  
  57  5:02  Roach x2  
  57  5:03  Roach  
  57  5:06  Roach  
  65  5:11  Roach  
  65  5:12  Roach  
  69  5:22  Roach x3  
  69  5:27  Roach  
  73  5:29  Roach  
  73  5:33  Roach  
  73  5:34  Roach  
  69  5:38  Roach  
  69  5:42  Roach  
  71  5:48  Roach x2  
  71  5:49  Roach  
  71  5:53  Roach  
  69  6:00  Roach x2  
  73  6:06  Roach x2  
  77  6:14  Drone x6  
  77  6:15  Drone x4  
  87  6:22  Spore Crawler, Extractor  
  85  6:26  Ravager  
  85  6:27  Ravager, Queen  
  85  6:31  Spore Crawler, Overlord x3  
  88  6:33  Spore Crawler  
  88  6:34  Queen  
  89  6:40  Overlord x2  
  89  6:41  Drone  
  76  6:57  Roach x4  
  76  6:58  Roach x4  
  76  7:00  Drone  
  76  7:01  Drone  
  92  7:23  Overlord x2  
  92  7:25  Drone x4  
  92  7:28  Extractor  
  92  7:29  Drone x3, Extractor  
  97  7:30  Drone x2  
Tags
 
Add a new tag
Caveats
  • Supply blocks, unpowered buildings, or Contaminate may cause inaccurate times.
  • Supply counts are checked every 10 seconds.